AoeStats
← Tony

Migration

509775741Analyzed
1v1 RM · 3d ago on Sep 28, 2026· 57m 47s· 2 players
Game mode
Random Map
Map size
132×132
Population
200
Speed
Normal
Resources
Standard
Victory
Conquest
Starting age
Dark Age
Ending age
Imperial Age
RankedLock teamsTeams togetherTeam positionsShared explorationLock speedFull tech treeHidden civsTurbo modeCheats
Victory
Defeat
🇨🇱 Portuguese · Chile
701
+15
🇦🇷 Malians · Argentina
683
-15
CHAPA
2:45 Loom
12:29 Feudal Age
13:16 Gold Mining
13:18 Double-Bit Axe
23:13 Castle Age
24:22 Medium Warships
24:12 Horse Collar
37:35 Imperial Age
35:45 Wheelbarrow
35:04 Man-at-Arms
36:03 Forging
35:55 Scale Mail Armor
36:59 Long Swordsman
39:39 Chemistry
39:00 Ballistics
38:37 Murder Holes
40:43 Two-Handed Swordsman
52:40 Iron Casting
52:22 Chain Mail Armor
Tony
1:40 Loom
11:34 Feudal Age
13:50 Wheelbarrow
13:07 Double-Bit Axe
13:06 Horse Collar
14:06 Fishing Lines
25:45 Castle Age
24:08 Town Watch
27:08 Medium Warships
26:54 Gillnets
28:34 Hand Cart
28:42 Town Patrol
28:55 Bow Saw
28:50 Heavy Plow
28:53 Stone Mining
29:39 Siphons
29:45 Clinker Construction
30:15 Careening
29:55 Treadmill Crane
33:51 Imperial Age
31:44 Masonry
33:28 Fletching
34:03 Ballistics
33:40 Murder Holes
36:53 Bodkin Arrow
40:03 Coinage
42:23 Two-Man Saw
41:52 Heavy Warships
42:15 Heated Shot
42:47 Carvel Hull
43:13 Dry Dock
44:09 Crop Rotation
44:18 Stone Shaft Mining
43:34 Gold Mining
46:03 Banking
45:44 Guilds
47:48 Chemistry
47:20 Architecture
48:44 Elite Cannon Galleon
51:27 Padded Archer Armor
51:28 Bracer
51:34 Caravan
51:36 Circumnavigation
52:33 Conscription
51:44 Sappers
51:38 Elite Organ Gun
53:44 Bombard Tower
53:30 Siege Engineers
53:17 Guard Tower
53:38 Fortified Wall
54:10 Devotion
55:39 Leather Archer Armor
56:04 Keep
Connection lost

Rejoining the realm…

Still unreachable

The connection could not be restored.

Session expired

The server has moved on; the page needs a fresh start.